 Dungeon Crawl Stone Soup version 0.19-a0-1889-g9c603be (webtiles) character file.

95 dvd the Stinger (level 4, -2/28 HPs)
             Began as an Octopode Venom Mage on Oct 17, 2016.
             Was a Follower of Ru.
             Slain by an ogre
             ... wielding a +0 giant club
              (26 damage)
             ... on level 5 of the Dungeon.
             The game lasted 00:08:48 (3447 turns).

dvd the Stinger (Octopode Venom Mage)               Turns: 3447, Time: 00:08:49

Health: -2/28      AC:  1    Str: 18    XL:     4   Next: 66%
Magic:  6/17       EV: 13    Int: 20    God:    Ru [*.....]
Gold:   253        SH:  0    Dex: 12    Spells: 3 memorised, 1 level left

rFire  . . .     SeeInvis .     a - +2 short sword (speed)
rCold  . . .     Gourm    .     (no shield)
rNeg   + . .     Faith    .     (helmet restricted)
rPois  .         Spirit   .     (no amulet)
rElec  .         Reflect  .     g - ring of positive energy
rCorr  .         Harm     .     r - ring of magical power
MR     .....                    w - +5 ring of strength
Stlth  ++++......               x - +6 ring of strength
                                (no ring)
                                (no ring)
                                (no ring)
                                (no ring)

@: radiating poison, repel missiles
A: almost no armour, stealthy swim, amphibious, 8 rings, constrict 8, camouflage
1, gelatinous body 1, inexperienced 1
a: Renounce Religion


You were on level 5 of the Dungeon.
You worshipped Ru.
Ru was aware of your devotion.
You were not hungry.

You visited 1 branch of the dungeon, and saw 5 of its levels.

You collected 253 gold pieces.

Inventory:

Hand Weapons
 a - a +2 short sword of speed (weapon)
Jewellery
 g - a ring of positive energy (left tentacle)
 r - a ring of magical power (right tentacle)
 w - a +5 ring of strength (on tentacle)
 x - a +6 ring of strength (on tentacle)
Wands
 m - a wand of polymorph (7/24)
Scrolls
 c - 2 scrolls of fear {unknown}
 e - 2 scrolls of enchant armour {unknown}
 f - 2 scrolls of noise {unknown}
 h - 3 scrolls of teleportation {unknown}
 l - a scroll of enchant weapon {unknown}
 q - 3 scrolls of identify {unknown}
 s - a scroll of blinking {unknown}
 u - a scroll of amnesia {unknown}
 y - a scroll of magic mapping {unknown}
 A - 2 scrolls of remove curse {unknown}
Potions
 i - 2 potions of might {unknown}
 j - 3 potions of curing {unknown}
 n - a potion of flight {unknown}
 p - a potion of ambrosia {unknown}
 t - 2 potions of lignification {unknown}
 z - 2 potions of agility {unknown}
Books
 d - a Young Poisoner's Handbook

   Spells                             Type                      Level
   a - Sting                          Conjuration/Poison           1
   b - Mephitic Cloud                 Conjuration/Poison/Air       3
   c - Olgreb's Toxic Radiance        Poison                       4
   d - Alistair's Intoxication        Transmutation/Poison         5
   e - Venom Bolt                     Conjuration/Poison           5
 o - a book of Misfortune

   Spells                             Type                      Level
   a - Confusing Touch                Hexes                        1
   b - Confuse                        Hexes                        3
   c - Gell's Gravitas                Hexes/Translocation          3
   d - Petrify                        Transmutation/Earth          4
   e - Metabolic Englaciation         Hexes/Ice                    5
   f - Yara's Violent Unravelling     Hexes/Transmutation          5
 v - a book of Cantrips

   Spells                             Type                      Level
   a - Confusing Touch                Hexes                        1
   b - Animate Skeleton               Necromancy                   1
   c - Summon Small Mammal            Summoning                    1
   d - Apportation                    Translocation                1
 B - a book of Minor Magic

   Spells                             Type                      Level
   a - Magic Dart                     Conjuration                  1
   b - Blink                          Translocation                2
   c - Call Imp                       Summoning                    2
   d - Repel Missiles                 Charms/Air                   2
   e - Slow                           Hexes                        2
   f - Conjure Flame                  Conjuration/Fire             3
   g - Mephitic Cloud                 Conjuration/Poison/Air       3
Comestibles
 b - 2 bread rations
 k - a meat ration
 C - a slice of pizza
 D - 5 chunks of flesh


   Skills:
 + Level 1.3 Fighting
 + Level 2.4 Short Blades
 + Level 2.2 Dodging
 + Level 4.7 Stealth
 + Level 2.7 Spellcasting
 + Level 1.5 Conjurations
 + Level 0.2 Charms
 + Level 0.2 Air Magic
 + Level 5.9 Poison Magic


You had one spell level left.
You knew the following spells:

 Your Spells              Type           Power        Failure   Level  Hunger
a - Sting                 Conj/Pois      ###.         3%          1    None
b - Olgreb's Toxic Radia  Pois           ####....     14%         4    ####...
c - Repel Missiles        Chrm/Air       #.....       24%         2    ##.....


Dungeon Overview and Level Annotations

Branches:
Dungeon (5/15)
 Temple: D:4-7

Altars:
Cheibriados
Dithmenos
Ru
Yredelemnul


Innate Abilities, Weirdness & Mutations

You cannot wear most types of armour.
You are very stealthy in the water. (Stealth+)
You are amphibious.
You can wear up to eight rings at the same time.
You can use your tentacles to constrict eight enemies at once.
Your skin changes colour to match your surroundings (Stealth+).
Your rubbery body absorbs attacks. (AC +1, EV +1)
You are somewhat inexperienced. (-2 XL)


Message History

The hound bites you.
You hit the hound.
You kill the hound!
Unknown command.
Casting: Olgreb's Toxic Radiance
Confirm with . or Enter, or press ? or * to list all spells.
You begin to radiate toxic energy.
Unknown command.
The ogre looks even sicker.
Your toxic aura wanes.
Found a pearl ring.
You see here a pearl ring.
The ogre looks more healthy.
Found 15 stones.
Casting: Olgreb's Toxic Radiance
Confirm with . or Enter, or press ? or * to list all spells.
You begin to radiate toxic energy.
The ogre is poisoned.
The ogre hits you with a giant club!!
Ouch! That really hurt!
You die...

#..###.....)..##.#
##...........>..#...
...#####.......##...
#.. #.......#..≈. #..
#.......#.≈≈≈ #.
#.[.#####..#.≈≈§ ###.
###. ##.#
.###...####..#####.#
.(.....@.###.......#
.##..###O######..#..##
# #...####..#.....
###...=.......###
#.......#####..###
#...#####.# #....# #.
#.#####..#.##
#.<..........
###..........


You could see an ogre.

Vanquished Creatures
  3 crimson imps (D:5)
  A hound (D:5)
  An iguana (D:5)
  5 adders
  2 oozes
  A worm (D:4)
  3 dart slugs
  4 leopard geckos
  2 orcs
  5 bats
  2 giant cockroaches
  2 gnoll zombies (D:3)
  6 goblins
  8 hobgoblins
  2 ball pythons
  4 frilled lizards
  3 kobolds
  9 rats
63 creatures vanquished.

Notes
Turn   | Place    | Note
-------+----------+-------------------------------------------
     0 | D:1      | dvd the Octopode Venom Mage began the quest for the Orb.
     0 | D:1      | Reached XP level 1. HP: 11/11 MP: 3/3
    85 | D:1      | Reached skill level 5 in Poison Magic
   121 | D:1      | Reached XP level 2. HP: 13/17 MP: 0/5
   755 | D:1      | Reached XP level 3. HP: 18/21 MP: 2/6
  1465 | D:2      | Reached skill level 1 in Conjurations
  1465 | D:2      | Reached XP level 4. HP: 27/27 MP: 7/7
  1477 | D:2      | Learned a level 4 spell: Olgreb's Toxic Radiance
  1810 | D:3      | Found a basalt altar of Yredelemnul.
  1901 | D:3      | Found a sacrificial altar of Ru.
  1917 | D:3      | Became a worshipper of Ru the Awakened
  3004 | D:4      | Found a snail-covered altar of Cheibriados.
  3004 | D:4      | Found a faded altar of an unknown god.
  3010 | D:4      | Found a faded altar of an unknown god.
  3012 | D:4      | Found a faded altar of an unknown god.
  3013 | D:4      | Found a faded altar of an unknown god.
  3110 | D:4      | Learned a level 2 spell: Repel Missiles
  3157 | D:4      | Found a shadowy altar of Dithmenos.
  3301 | D:5      | Entered Level 5 of the Dungeon
  3308 | D:5      | Reached skill level 1 in Short Blades
  3308 | D:5      | Reached XP level 5. HP: 32/32 MP: 8/8
  3332 | D:5      | Reached skill level 1 in Fighting
  3356 | D:5      | Reached XP level 6. HP: 36/38 MP: 10/10
  3407 | D:5      | Gained mutation: You are somewhat inexperienced. (-2 XL) [Ru sacrifice]
  3407 | D:5      | Reached XP level 5. HP: 33/33 MP: 18/18
  3407 | D:5      | Reached XP level 4. HP: 28/28 MP: 17/17
  3407 | D:5      | Reached * piety under Ru
  3419 | D:5      | Noticed an ogre
  3447 | D:5      | Slain by an ogre

Vault maps used:
D:1:      matt_arrival_grand_opening
D:3:      lemuel_zombie_altar_yredelemnul, minmay_misc_feat_room,
          nicolae_ru_awakened_eye
D:4:      nicolae_dithmenos_shadow_blocks, chequers_temple_overflow_minitemple,
          first_bread, serial_bayou_crossing
D:5:      portal_sewer_entry_b, enter_ossuary_5, minmay_fire_ice_demons

Skill      XL: |  1  2  3  4  5 |
---------------+----------------+-----
Poison Magic   | 5 |  5.9
Stealth        | 3 4 |  4.7
Conjurations   | 1 |  1.5
Short Blades   | 1 2 |  2.4
Fighting       | 1 |  1.3
Dodging        | |  2.2
Spellcasting   | |  2.7
Charms         | |  0.2
Air Magic      | |  0.2

Action                   |  1- 3 |  4- 6 || total
-------------------------+-------+-------++-------
Melee: Dagger            |    27 |       ||    27
       Constrict         |     7 |     9 ||    16
       Tentacles         |     4 |     7 ||    11
       Short sword       |    14 |    54 ||    68
 Cast: Sting             |    36 |    29 ||    65
       Olgreb's Toxic Ra |       |     5 ||     5
       Repel Missiles    |       |     1 ||     1
Invok: Sacrifice Experie |       |     1 ||     1
 Stab: Sleeping          |    13 |     5 ||    18
  Eat: Chunk             |     1 |     8 ||     9
Armor: Skin              |     4 |       ||     4
Dodge: Dodged            |    22 |    17 ||    39
